 Dungeon Crawl Stone Soup version 0.17-a0-2171-ga91b4ec (webtiles) character file.

2235 kosy22 the Ducker (level 9, -14/85 HPs)
             Began as a Troll Fighter on Oct 25, 2015.
             Killed by the air
             ... invoked by Gastronok
              (32 damage)
             ... on level 8 of the Dungeon.
             The game lasted 00:20:23 (6222 turns).

kosy22 the Ducker (Troll Fighter)                   Turns: 6222, Time: 00:20:24

Health: -14/85     AC:  6    Str: 29    XL:     9   Next: 14%
Magic:  17/17      EV: 11    Int:  4    God:
Gold:   456        SH: 10    Dex:  9    Spells: 0 memorised, 8 levels left

rFire  . . .     SeeInvis .       - Unarmed
rCold  . . .     Clarity  .     a - +0 robe
rNeg   . . .     SustAt   .     b - +0 shield
rPois  .         Gourm    +     (helmet restricted)
rElec  .         Spirit   .     f - +0 cloak
rCorr  .         Warding  .     (gloves unavailable)
rMut   .         Stasis   .     (boots unavailable)
MR     .....                    q - amulet of rage
Stlth  +.........               z - ring of magical power
                                s - ring of flight

@: about to teleport, slowed, very slow, not resistant to hostile enchantments,
very unstealthy
A: unfitting armour, claws 3, fast metabolism 3, gourmand, regeneration 2,
shaggy fur 1, tough skin 2, wild magic 1
a: Evoke Berserk Rage, Evoke Flight


You were on level 8 of the Dungeon.
You were not hungry.

You visited 1 branch of the dungeon, and saw 8 of its levels.

You collected 456 gold pieces.

Inventory:

Armour
 a - a +0 robe (worn)
 b - a +0 shield (worn)
 f - a +0 cloak (worn)
Jewellery
 e - an uncursed amulet of clarity
 q - an amulet of rage (around neck)
 s - a ring of flight (left claw)
 z - a ring of magical power (right claw)
Wands
 v - a wand of teleportation (8)
 w - a wand of frost (29)
 y - a wand of polymorph (13)
Scrolls
 g - a scroll of blinking
 h - 2 scrolls of identify
 i - 3 scrolls of amnesia
 j - a scroll of immolation {unknown}
 k - 2 scrolls of teleportation
 l - a scroll of random uselessness {unknown}
 n - a scroll of remove curse
 p - 4 scrolls of noise
 r - 2 scrolls of recharging
Potions
 c - a potion of might
 d - a potion of heal wounds
 m - a potion of curing
 u - a potion of haste {unknown}


   Skills:
 + Level 4.4 Fighting
 + Level 7.3 Dodging
 + Level 1.0 Stealth
 + Level 5.1 Shields
 + Level 5.5 Unarmed Combat


You had 8 spell levels left.
You didn't know any spells.

Dungeon Overview and Level Annotations

Branches:
Dungeon (8/15)             Temple (0/1) D:7
   Lair: D:8-11

Altars:
Fedhas
Gozag
Vehumet

Annotations:
D:8 Gastronok


Innate Abilities, Weirdness & Mutations

You are too large for most types of armour.
You have claws for hands.
Your metabolism is lightning-fast.
You like to eat raw meat.
You heal very quickly.
You are covered in fur (AC +1).
You have very tough skin (AC +2).
Your spells are a little harder to cast, but a little more powerful.


Message History

The river rat closely misses you.
Read which item? (? for menu, Esc to quit)
As you read the scroll of teleportation, it crumbles to dust.
You feel strangely unstable. The bat hits you.
* * * LOW HITPOINT WARNING * * *
The quokka bites you but does no damage.
The gnoll hits you but does no damage. You block the river rat's attack.
The quokka closely misses you. You block Gastronok's attack.
You block the gnoll's attack.
The river rat bites you but does no damage.
The bat barely misses you. The quokka barely misses you.
Gastronok casts a spell.
Gastronok seems to move somewhat quicker.
The quokka bites you but does no damage.
The bat misses you. You block the bat's attack. The river rat bites you.
* * * LOW HITPOINT WARNING * * *
The quokka bites you but does no damage.
Gastronok waves his eye-stalks in wide circles.
The air twists around and strikes you!
You die...

#######+####
#..........#
#..........#
#..........#
#..........#
#.......wgb..#
#..?.......#
#$.........#
......#+####
...... ......
......


You could see Gastronok, a gnoll, a river rat, a quokka and a bat.

Vanquished Creatures
  Prince Ribbit (D:7)
  2 phantoms
  A sky beast (D:6)
  2 ogres
  2 centaurs
  A water moccasin zombie (D:5)
  3 scorpions
  A water moccasin skeleton (D:6)
  A wyvern skeleton (D:5)
  6 killer bees (D:7)
  A vampire bat (D:3)
  4 crimson imps
  3 hounds
  2 giant frog skeletons
  A giant frog zombie (D:5)
  An iguana (D:4)
  4 orc wizards
  3 worker ants
  A hound zombie (D:5)
  2 hound skeletons (D:4)
  A worker ant zombie (D:6)
  7 adders
  5 gnolls
  2 shadow imps
  2 oozes
  An adder skeleton (D:6)
  4 worms
  5 giant geckos
  8 orcs
  A ball python (D:2)
  15 bats
  6 giant cockroaches
  10 goblins
  4 hobgoblins
  15 jackals
  8 kobolds
  5 quokkas
  5 giant newts
  2 quokka skeletons
  9 rats
  A plant (D:2)
158 creatures vanquished.

Notes
Turn   | Place    | Note
--------------------------------------------------------------
     0 | D:1      | kosy22 the Troll Fighter began the quest for the Orb.
     0 | D:1      | Reached XP level 1. HP: 22/22 MP: 0/0
   143 | D:1      | Reached XP level 2. HP: 27/29 MP: 1/1
   513 | D:1      | Reached XP level 3. HP: 33/36 MP: 2/2
   669 | D:1      | Reached skill level 3 in Dodging
  1085 | D:2      | Reached XP level 4. HP: 24/44 MP: 3/3
  1153 | D:2      | Found a blossoming altar of Fedhas.
  1841 | D:3      | Reached XP level 5. HP: 52/52 MP: 4/4
  2185 | D:3      | Reached skill level 4 in Dodging
  2585 | D:4      | Found a radiant altar of Vehumet.
  2610 | D:4      | Reached XP level 6. HP: 59/59 MP: 5/5
  2639 | D:4      | Noticed an ogre
  2645 | D:4      | Killed an ogre
  3051 | D:4      | Reached skill level 5 in Dodging
  3238 | D:4      | Noticed a phantom
  3264 | D:4      | Reached XP level 7. HP: 47/67 MP: 6/6
  3307 | D:4      | Killed a phantom
  3540 | D:5      | Entered Level 5 of the Dungeon
  3540 | D:5      | Found an opulent altar of Gozag.
  4068 | D:5      | Reached XP level 8. HP: 62/76 MP: 7/7
  4651 | D:6      | Reached skill level 6 in Dodging
  4924 | D:6      | Gained mutation: Your spells are a little harder to cast, but a little more powerful. [mutagenic meat]
  4964 | D:6      | Reached skill level 5 in Unarmed Combat
  5200 | D:7      | Noticed Prince Ribbit
  5221 | D:7      | Killed Prince Ribbit
  5221 | D:7      | Reached skill level 1 in Stealth
  5357 | D:7      | Found a staircase to the Ecumenical Temple.
  5475 | D:7      | Reached skill level 7 in Dodging
  5480 | D:7      | Reached skill level 5 in Shields
  5480 | D:7      | Reached XP level 9. HP: 5/85 MP: 8/8
  5480 | D:7      | HP: 4/85 [poisoned by a killer bee]
  6197 | D:8      | Noticed Gastronok
  6222 | D:8      | Killed from afar by Gastronok

Vault maps used:
D:1:      tarquinn_simple_flora_water_e
D:2:      serial_bayou_pond_b, fedhas_altar_2
D:3:      serial_bayou_pond_e, roderic_batcave
D:4:      lemuel_crystal_altar, st_stairs_1
D:5:      first_bread, nicolae_gozag_seed_capital
D:6:      minmay_misc_feat_tiny
D:7:      minmay_temple_entry_glassed_door, uniq_prince_ribbit1
D:8:      serial_glass, glass_columns_a, glass_columns_c, glass_columns_b,
          glass_columns_a, glass_columns_b, glass_columns_a, glass_columns_a,
          glass_columns_b, uniq_gastronok

Action                   |  1- 3 |  4- 6 |  7- 9 || total
-------------------------+-------+-------+-------++-------
Melee: Unarmed           |   132 |   266 |   275 ||   673
  Use: Scroll            |     1 |     3 |     9 ||    13
       Potion            |       |     3 |     6 ||     9
  Eat: Chunk             |     3 |       |    10 ||    13
       Bread ration      |     2 |     2 |     3 ||     7
       Fruit             |       |     3 |       ||     3
       Royal jelly       |       |     2 |       ||     2
       Beef jerky        |       |     1 |     1 ||     2
       Meat ration       |       |       |     1 ||     1
